Map: Rhoskallian LE

Players

Massa - Winner!

  • Race: Terran Terran
  • Spawn Location: 5:00

qqq - Winner!

  • Race: Zerg Zerg
  • Spawn Location: 6:00

Gasco

  • Race: Protoss Protoss
  • Spawn Location: 12:00

AmmonRa

  • Race: Terran Terran
  • Spawn Location: 11:00

VOD

Have the link to the VOD?

Description

Time

  • Played on: Jan. 26, 2021, 3:05 p.m.
  • Length: 12:57
Show
View Real Time Build Order
Export as new Build Order

Massa Terran - Winner!

Build Orders:  

Get SALT Encoding   

  12  0:00  SCV  
  13  0:12  SCV  
  14  0:21  Supply Depot  
  14  0:24  SCV  
  15  0:43  SCV  
  15  0:44  Barracks  
  15  0:48  Refinery  
  16  0:55  SCV  
  17  1:01  Refinery  
  17  1:08  Barracks  
  17  1:13  SCV  
  18  1:25  SCV  
  19  1:33  Supply Depot  
  19  1:35  Reaper  
  20  1:47  Orbital Command  
  20  1:56  Reaper  
  21  2:07  Reaper  
  22  2:13  SCV  
  23  2:25  SCV  
  23  2:27  Supply Depot  
  23  2:28  Reaper  
  25  2:37  SCV  
  25  2:40  Reaper  
  27  3:00  Reaper  
  28  3:12  Reaper  
  27  3:32  Reaper  
  27  3:38  SCV  
  28  3:44  Reaper  
  29  3:54  Command Center  
  29  3:55  Barracks, Factory  
  29  4:04  Reaper  
  29  4:16  Reaper  
  27  5:09  Reaper x2  
  27  5:13  Orbital Command  
  28  5:14  SCV  
  28  5:16  Factory Tech Lab  
  28  5:17  Barracks Tech Lab  
  27  5:26  SCV  
  28  5:33  Engineering Bay  
  27  5:38  SCV  
  27  5:39  Marauder  
  27  5:40  Stimpack  
  27  5:41  Reaper, SCV  
  32  5:50  SCV  
  32  5:54  SCV, Siege Tank  
  37  5:58  Marine  
  37  6:00  Marauder  
  37  6:02  SCV, Barracks  
  41  6:05  Starport  
  41  6:13  Marine  
  41  6:16  Marine  
  43  6:19  Missile Turret  
  43  6:21  Marine  
  43  6:22  Missile Turret  
  43  6:24  SCV x2  
  43  6:25  Missile Turret  
  46  6:26  Siege Tank  
  49  6:36  SCV x2  
  50  6:48  SCV  
  51  6:58  Siege Tank  
  51  6:59  Barracks Reactor, Barracks Tech Lab  
  54  7:20  Supply Depot  
  54  7:36  Supply Depot  
  54  7:42  SCV x2, Marauder, Marine, Medivac  
  61  7:54  SCV  
  61  7:55  SCV  
  61  7:59  Marine  
  61  8:01  Terran Infantry Weapons Level 1  
  61  8:02  Supply Depot  
  61  8:03  Supply Depot  
  61  8:04  Marauder, Supply Depot  
  64  8:06  SCV  
  64  8:07  SCV  
  66  8:16  Marauder, Marine x2  
  66  8:17  Marine  
  66  8:19  SCV  
  70  8:25  Marauder  
  70  8:26  Medivac, Supply Depot  
  74  8:28  Supply Depot  
  74  8:34  Marine x2  
  74  8:35  Marine  
  74  8:38  Marauder  
  74  8:40  Refinery  
  79  8:43  Refinery  
  79  8:46  Marauder  
  81  8:49  Combat Shield  
  81  8:52  Marine x2, Concussive Shells  
  81  8:54  Marine  
  84  8:58  Cyclone, Command Center  
  84  8:59  Marine  
  88  9:03  Missile Turret  
  88  9:05  SCV x2  
  88  9:07  Marine  
  91  9:10  Marine x2  
  91  9:12  Starport Reactor, Marine  
  94  9:17  SCV  
  95  9:30  Siege Tank  
  98  9:33  Marauder x2  
  98  9:34  Marine x2  
  104  9:44  Barracks Reactor  
  104  9:45  Barracks  
  104  9:55  Marauder, Medivac x2  
  104  9:56  Barracks  
  110  10:25  Medivac x2  
  114  10:39  Planetary Fortress  
  114  10:42  Refinery, SCV x2  
  116  10:54  Terran Infantry Armor Level 1, SCV x2  
  116  10:55  Medivac x2  
  122  10:57  Barracks Tech Lab  
  122  10:58  Barracks Reactor  
  122  11:01  Marine x3  
  125  11:09  Supply Depot x2  
  125  11:10  Supply Depot x2  
  125  11:11  Supply Depot  
  125  11:15  Supply Depot  
  125  11:17  Refinery, Sensor Tower  
  125  11:20  Command Center  
  125  11:30  Marine x6  
  125  11:31  SCV, Medivac  
  134  11:33  Supply Depot  
  134  11:35  Supply Depot  
  134  11:36  Supply Depot  
  134  11:37  Supply Depot  
  134  11:38  Supply Depot  
  126  11:48  Marine  
  120  11:55  Marauder, Marine  
  120  11:56  Marauder, Marine x3  
  112  12:07  Marauder  
  105  12:11  Marine x2  
  105  12:13  Marine x2  
  105  12:14  Marine x2  
  111  12:17  Marauder x2  
  111  12:20  SCV x3  
  117  12:28  Marauder  
  117  12:29  Marine x2  
  119  12:31  Marine x3  
  119  12:32  SCV x2, Marine  
  124  12:37  SCV  
  124  12:44  SCV x2  
Show
View Real Time Build Order
Export as new Build Order

qqq Zerg - Winner!

Build Orders: Hatch First 

Get SALT Encoding   

  12  0:01  Drone  
  13  0:23  Drone, Overlord  
  14  0:46  Hatchery  
  13  0:51  Drone  
  14  0:58  Drone  
  14  0:59  Drone  
  14  1:04  Drone  
  17  1:14  Drone  
  18  1:38  Spawning Pool  
  18  1:39  Extractor  
  16  1:45  Drone x2  
  19  1:47  Drone  
  19  2:05  Drone  
  19  2:07  Drone  
  21  2:16  Drone  
  21  2:18  Overlord  
  21  2:19  Overlord  
  21  2:20  Drone  
  23  2:22  Extractor  
  23  2:29  Queen  
  24  2:30  Queen  
  24  2:32  Zergling x2  
  24  2:35  Drone  
  28  2:43  Drone  
  29  2:45  Zergling x2  
  29  2:48  Metabolic Boost  
  30  2:52  Zergling x2  
  30  2:53  Drone  
  32  3:01  Zergling x2  
  32  3:03  Zergling x2  
  34  3:08  Evolution Chamber  
  33  3:14  Zergling x2  
  33  3:15  Zergling x2  
  35  3:28  Zergling x2  
  35  3:29  Zergling x2  
  37  3:35  Zergling x2  
  37  3:38  Lair  
  38  3:41  Drone  
  38  3:45  Zergling x4  
  38  3:47  Drone  
  42  3:53  Drone  
  42  3:54  Drone, Hatchery  
  43  3:56  Zergling x2  
  44  4:03  Overlord  
  44  4:09  Overlord  
  44  4:20  Overlord  
  44  4:21  Overlord x2  
  42  4:33  Zergling x2  
  42  4:34  Drone x4  
  42  4:35  Drone  
  47  4:44  Spire  
  47  4:45  Extractor  
  45  4:46  Drone  
  45  4:47  Drone  
  47  4:58  Drone x2  
  47  4:59  Drone  
  50  5:03  Extractor  
  50  5:04  Extractor  
  48  5:08  Queen  
  48  5:12  Drone  
  48  5:13  Drone x4  
  55  5:18  Spore Crawler  
  54  5:25  Drone  
  54  5:26  Drone x2, Overlord  
  54  5:28  Drone  
  58  5:38  Drone x5  
  58  5:39  Drone  
  64  5:56  Mutalisk x3  
  70  5:58  Drone x2  
  70  5:59  Drone x2  
  73  6:25  Drone x5  
  78  6:28  Corruptor  
  80  6:33  Hatchery  
  80  6:34  Hatchery  
  80  6:36  Drone  
  80  6:37  Corruptor x2  
  80  6:39  Mutalisk  
  80  7:02  Corruptor x2  
  80  7:03  Zergling x10  
  80  7:04  Zergling x4  
  85  7:17  Mutalisk x2  
  85  7:19  Drone x3  
  92  7:35  Zerg Flyer Weapons Level 1, Infestation Pit  
  91  7:38  Overlord x2  
  91  7:42  Mutalisk  
  91  7:44  Drone x2  
  88  8:10  Mutalisk x2  
  88  8:11  Drone x4  
  88  8:12  Drone x4  
  98  8:17  Hive  
  98  8:19  Drone  
  99  8:21  Extractor  
  99  8:22  Extractor  
  97  8:27  Drone x2  
  97  8:28  Drone, Overlord x2  
  97  8:29  Overlord x4  
  100  8:39  Drone  
  100  8:40  Drone x2  
  103  8:45  Drone x2  
  105  8:49  Hatchery x2, Corruptor x2  
  105  8:50  Corruptor x2  
  105  8:51  Drone  
  105  8:54  Spore Crawler  
  111  8:57  Spine Crawler  
  111  8:58  Drone  
  111  8:59  Drone x2  
  111  9:00  Hatchery, Spine Crawler  
  111  9:08  Drone x3  
  111  9:09  Mutalisk x2  
  118  9:10  Mutalisk  
  120  9:31  Mutalisk x3  
  120  9:34  Drone x6  
  130  9:38  Corruptor x2  
  134  9:48  Spore Crawler  
  134  9:49  Extractor x2  
  118  9:58  Spire  
  118  9:59  Zergling x2  
  115  10:00  Zergling x10  
  99  10:29  Drone x3  
  99  10:30  Drone x9  
  99  10:31  Drone x5  
  116  10:36  Drone x4  
  116  10:41  Zergling x6  
  116  10:42  Zergling x2  
  124  10:50  Baneling Nest  
  124  10:52  Zerg Ground Armor Level 1  
  124  10:53  Drone  
  124  10:54  Drone x3, Zergling x8  
  124  10:55  Zergling x6  
  124  10:56  Viper x2  
  140  11:01  Spore Crawler  
  140  11:03  Spine Crawler, Spore Crawler  
  135  11:07  Spore Crawler  
  135  11:10  Extractor  
  135  11:11  Extractor  
  129  11:20  Drone x5  
  129  11:24  Mutalisk  
  129  11:25  Mutalisk  
  137  11:27  Zergling x8  
  137  11:29  Drone x5  
  142  11:36  Drone x2  
  118  12:01  Drone x6  
  119  12:06  Zergling x8, Corruptor x2  
  129  12:18  Zergling x4  
  129  12:21  Drone x3  
  129  12:22  Mutalisk x4, Zergling x6  
  138  12:27  Spire  
  138  12:28  Drone  
  138  12:29  Drone, Spine Crawler  
  144  12:55  Spine Crawler  
Show
View Real Time Build Order
Export as new Build Order

Gasco Protoss 

Build Orders: Oracle Opening 

Get SALT Encoding   

  12  0:00  Probe  
  13  0:12  Probe  
  14  0:22  Pylon  
  14  0:24  Probe  
  15  0:40  Gateway  
  15  0:43  Assimilator  
  15  0:45  Probe (Chrono Boost)  
  16  0:56  Probe (Chrono Boost)  
  17  0:59  Assimilator  
  17  1:01  Probe (Chrono Boost)  
  18  1:12  Gateway  
  18  1:15  Probe (Chrono Boost)  
  19  1:27  Probe (Chrono Boost)  
  19  1:29  Cybernetics Core  
  20  1:34  Probe (Chrono Boost)  
  21  1:43  Pylon  
  21  1:48  Probe  
  22  2:08  Adept x2  
  26  2:10  Warp Gate  
  26  2:17  Stargate  
  26  2:34  Pylon  
  26  2:35  Pylon  
  26  2:52  Stalker (Chrono Boost)  
  30  3:02  Stalker (Chrono Boost)  
  30  3:18  Stalker  
  32  3:24  Stalker  
  34  3:41  Oracle (Chrono Boost)  
  37  4:05  Nexus  
  37  4:07  Pylon  
  37  4:08  Twilight Council  
  37  4:20  Stalker x2  
  34  4:59  Stalker x2  
  32  5:40  Adept x2  
  36  5:45  Probe x2  
  39  5:57  Probe x2  
  40  6:09  Probe x2  
  42  6:21  Probe x2 (Chrono Boost)  
  44  6:31  Probe x2 (Chrono Boost)  
  46  6:33  Sentry  
  46  6:34  Sentry  
  50  6:56  Stargate  
  50  7:00  Phoenix (Chrono Boost)  
  49  7:05  Probe (Chrono Boost)  
  49  7:06  Probe (Chrono Boost)  
  53  7:16  Probe x2 (Chrono Boost)  
  53  7:22  Phoenix (Chrono Boost)  
  55  7:31  Probe (Chrono Boost)  
  55  7:36  Forge  
  56  7:37  Probe (Chrono Boost)  
  51  7:44  Probe (Chrono Boost)  
  51  7:46  Probe (Chrono Boost)  
  53  7:52  Phoenix  
  55  8:02  Phoenix  
  56  8:17  Stalker  
  56  8:18  Stalker  
  60  8:22  Phoenix  
  62  8:29  Pylon  
  62  8:32  Probe (Chrono Boost)  
  64  8:37  Probe (Chrono Boost)  
  64  8:39  Phoenix  
  66  8:46  Probe (Chrono Boost)  
  66  8:47  Probe (Chrono Boost)  
  68  8:55  Probe  
  68  8:59  Probe  
  70  9:14  Fleet Beacon  
  70  9:16  Probe x2  
  68  9:40  Phoenix  
  68  9:47  Probe x2  
  68  9:51  Assimilator  
  68  9:52  Photon Cannon  
  70  9:55  Assimilator  
  70  9:58  Phoenix  
  70  9:59  Photon Cannon  
  72  10:01  Probe x2  
  74  10:08  Phoenix  
  74  10:24  Phoenix  
  74  10:26  Probe x2  
  78  10:58  Nexus  
  78  11:17  Phoenix  
  78  11:19  Anion Pulse-Crystals (Chrono Boost)  
  78  11:48  Phoenix x2  
  46  12:13  Phoenix x2  
  50  12:17  Zealot x2  
Show
View Real Time Build Order
Export as new Build Order

AmmonRa Terran 

Build Orders: Reaper Expand 

Get SALT Encoding   

  12  0:01  SCV  
  13  0:13  SCV  
  14  0:22  Supply Depot  
  14  0:25  SCV  
  15  0:43  SCV  
  15  0:45  Barracks  
  15  0:48  Refinery  
  16  0:56  SCV  
  17  1:08  SCV  
  18  1:24  SCV  
  19  1:41  Reaper  
  19  1:42  Orbital Command  
  20  1:50  Command Center  
  20  2:02  Barracks  
  20  2:07  Refinery  
  20  2:08  SCV  
  21  2:19  Barracks Reactor  
  21  2:20  SCV  
  22  2:23  Supply Depot  
  22  2:32  SCV  
  23  2:51  Barracks Tech Lab  
  23  2:57  Marine x2  
  25  3:11  Marauder, Concussive Shells  
  25  3:31  Marine x2  
  25  3:33  Marauder  
  29  3:36  Orbital Command  
  29  3:38  Factory  
  29  3:41  SCV  
  30  3:50  Orbital Command  
  30  3:53  SCV  
  30  3:54  Stimpack  
  31  4:06  Marauder, Marine  
  34  4:21  SCV  
  34  4:22  SCV  
  35  4:24  Factory Reactor  
  35  4:28  Starport  
  28  4:33  Marine  
  28  4:34  Marine  
  30  4:39  SCV  
  30  4:40  SCV  
  32  4:49  Marine  
  33  4:53  SCV  
  33  4:54  SCV  
  33  4:57  Bunker  
  33  4:59  Marine x2  
  37  5:10  Marauder  
  39  5:16  SCV x2  
  41  5:21  Medivac  
  41  5:22  Medivac  
  41  5:23  Factory Tech Lab  
  41  5:27  Supply Depot  
  45  5:29  Supply Depot  
  45  5:34  Combat Shield  
  45  5:36  Marine  
  46  5:48  Marine x2  
  46  5:49  SCV  
  49  5:50  Siege Tank  
  49  5:54  Marine  
  53  5:57  Supply Depot  
  53  6:03  Barracks x2  
  53  6:06  Marine  
  53  6:08  Marauder  
  56  6:13  SCV x2, Supply Depot  
  56  6:14  Refinery  
  58  6:34  Supply Depot  
  50  7:03  Marine x2  
  50  7:07  Marine  
  44  7:09  Barracks Reactor x2  
  42  7:15  Barracks  
  42  7:17  Barracks  
  42  7:19  Barracks  
  42  7:21  Marine  
  42  7:22  Command Center  
  43  7:23  Supply Depot  
  43  7:25  SCV x2  
  43  7:30  Marine x2  
  43  7:32  Siege Tank  
  43  7:34  Medivac x2  
  52  7:39  Marine  
  52  7:43  SCV  
  54  7:48  Marine x3  
  54  7:49  Marine x3  
  59  8:05  Marine x3  
  59  8:07  Medivac x2  
  65  8:17  Supply Depot  
  65  8:18  SCV x2  
  67  8:30  SCV  
  68  8:35  Marine x4  
  68  8:38  SCV  
  68  8:39  SCV  
  74  8:50  Marine x3  
  74  8:51  Marine x3  
  74  8:53  Marine  
  81  8:56  Siege Tank  
  84  9:08  Marine x4  
  88  9:10  Barracks Reactor x2, Barracks Tech Lab  
  88  9:12  Barracks Reactor  
  88  9:13  Medivac  
  88  9:14  Medivac  
  92  9:31  Marine x6  
  98  9:42  Engineering Bay  
  98  9:43  Engineering Bay  
  98  9:54  Marine x6  
  92  10:18  Marine x2  
  92  10:19  Marine x8  
  92  10:20  Medivac x2  
  93  10:30  Orbital Command  
  91  10:39  Marine x3  
  91  10:40  Marine x3  
  97  10:43  Terran Infantry Weapons Level 1  
  97  10:44  Terran Infantry Armor Level 1  
  97  10:47  SCV x2  
  99  10:50  Medivac  
  101  10:58  Medivac  
  101  11:02  Marine x6  
  109  11:06  Starport  
  109  11:09  Supply Depot  
  109  11:11  Supply Depot  
  109  11:30  Marine x8  
  117  11:39  Marine x2  
  120  11:40  Marauder  
  109  12:00  Siege Tank  
  88  12:02  Marauder, Marine x3  
  81  12:09  Medivac x2  
  81  12:10  Marine x3  
  76  12:23  Marauder  
Tags
 
Add a new tag
Caveats
  • Supply blocks, unpowered buildings, or Contaminate may cause inaccurate times.
  • Supply counts are checked every 10 seconds.